 Dungeon Crawl Stone Soup version 0.30.1-11-g7821555f0a (webtiles) character file.

Game seed: 2595322132800651391

3040945 HOAXBANE the Axe Maniac (level 27, 273/273 HPs)
             Began as a Hill Orc Berserker on Nov 29, 2023.
             Was the Champion of Trog.
             Escaped with the Orb
             ... and 5 runes on Dec 1, 2023!
             The game lasted 06:27:21 (73570 turns).

HOAXBANE the Axe Maniac (Hill Orc Berserker)       Turns: 73570, Time: 06:27:21

Health: 273/273    AC: 47    Str: 45    XL:     27
Magic:  23/23      EV: 15    Int: 17    God:    Trog [******]
Gold:   3413       SH: 32    Dex: 12    Spells: 26/26 levels left

rFire   + + .        z - +9 broad axe of Lies {heavy, +Blink Str+3 Int+3}
rCold   + + +        p - +8 tower shield
rNeg    + . .        n - +3 gold dragon scales
rPois   +            l - +2 helmet of the Endless Expanse {rCorr Dex+4}
rElec   +            X - +2 cloak {Will+}
rCorr   +            x - +2 pair of gloves {infuse}
SInv    .            K - +3 pair of boots of Hyxu {Contam +Inv rF- Will+++}
Will    +++++        F - amulet of Beogh's Hatred {Acrobat rC+++ rN+ Will- Int+4} Stlth
                     r - ring "Lintumep" {Contam rElec rF+ Str+6}
HPRegen 0.65/turn    y - ring of the King {rF+ rC+ Str+2 Int+3 Slay+2}
MPRegen 0.18/turn

%: acrobat, infuse magic (1 MP)
@: studying 3 skills
A: clumsy 1, sense surroundings 1
0: Orb of Zot
}: 5/15 runes: serpentine, barnacled, slimy, silver, abyssal
a: Renounce Religion, Evoke Blink, Evoke Invisibility, Berserk, Trog's Hand,
Brothers in Arms


You escaped.
You worshipped Trog.
Trog was exalted by your worship.
You visited 12 branches of the dungeon, and saw 56 of its levels.
You visited the Abyss 2 times.
You also visited: Trove, Gauntlet, Ice Cave and Volcano.

You collected 6837 gold pieces.
You spent 3424 gold pieces at shops.

Inventory:

Hand Weapons
 z - the +9 broad axe of Lies (weapon) {heavy, +Blink Str+3 Int+3}
   (You found it on level 3 of the Elven Halls)

   Str:       It affects your strength (+3).
   Int:       It affects your intelligence (+3).
   +Blink:    It lets you blink.
 S - a +9 broad axe of flaming
Armour
 l - the +2 helmet of the Endless Expanse (worn) {rCorr Dex+4}
   (You found it on level 3 of the Snake Pit)

   Dex:       It affects your dexterity (+4).
   rCorr:     It protects you from acid and corrosion.
 n - +3 gold dragon scales (worn)
 p - a +8 tower shield (worn)
 x - a +2 pair of gloves of infusion (worn)
 K - the +3 pair of boots of Hyxu (worn) {Contam +Inv rF- Will+++}
   (You found it in a Gauntlet)

   rF:        It makes you vulnerable to fire.
   +Inv:      It lets you turn invisible.
   Contam:    It causes magical contamination when unequipped.
   Will:      It greatly increases your willpower.
 X - a +2 cloak of willpower (worn)
Jewellery
 b - a ring of willpower
 d - a ring of positive energy
 k - the amulet of the Sparrow {Spirit Will+ Regen+}
   (You found it in a treasure trove)

   [amulet of guardian spirit]

   It causes incoming damage to be divided between your reserves of health and
   magic.
   Regen:     It increases your rate of health regeneration.
   Will:      It increases your willpower.
 r - the ring "Lintumep" (left hand) {Contam rElec rF+ Str+6}
   (You found it in a treasure trove)

   [ring of strength]

   Str:       It affects your strength (+6).
   rF:        It protects you from fire.
   rElec:     It insulates you from electricity.
   Contam:    It causes magical contamination when unequipped.
 w - the ring "Cimoemm" {Fly Int+3 Stlth+}
   (You found it in an ice cave)

   [ring of flight]

   Int:       It affects your intelligence (+3).
   Fly:       It grants you flight.
   Stlth:     It makes you more stealthy.
 y - the ring of the King (right hand) {rF+ rC+ Str+2 Int+3 Slay+2}
   (You found it in a treasure trove)

   [ring of protection from cold]

   Str:       It affects your strength (+2).
   Int:       It affects your intelligence (+3).
   Slay:      It affects your accuracy & damage with ranged weapons and melee
   (+2).
   rF:        It protects you from fire.
   rC:        It protects you from cold.
 C - a ring of positive energy
 F - the amulet of Beogh's Hatred (around neck) {Acrobat rC+++ rN+ Will- Int+4}
   (You found it in a treasure trove)

   [amulet of the acrobat]

   It increases your evasion while moving and waiting.
   Int:       It affects your intelligence (+4).
   rC:        It renders you almost immune to cold.
   rN:        It protects you from negative energy.
   Will:      It decreases your willpower.
 L - a ring of poison resistance
 V - the ring "Boptonaa" {rF+ Int-2 Dex+4 SInv}
   (You found it on level 1 of the Depths)

   [ring of protection from fire]

   Int:       It affects your intelligence (-2).
   Dex:       It affects your dexterity (+4).
   rF:        It protects you from fire.
   SInv:      It lets you see invisible.
 Z - a ring of protection from cold
Wands
 u - a wand of charming (72)
 A - a wand of mindburst (51)
 B - a wand of polymorph (7)
 D - a wand of digging (41)
 E - a wand of iceblast (63)
 M - a wand of flame (99)
 P - a wand of acid (28)
Scrolls
 g - 7 scrolls of brand weapon
 m - 5 scrolls of blinking
 o - 10 scrolls of fear
 t - 7 scrolls of fog
 G - 10 scrolls of silence
 N - 2 scrolls of teleportation
 U - a scroll of magic mapping
Potions
 c - 7 potions of mutation
 e - 9 potions of lignification
 f - 13 potions of ambrosia
 h - 5 potions of berserk rage
 i - 19 potions of curing (quivered)
 q - 3 potions of haste
 v - 4 potions of might
 I - 4 potions of attraction
 J - 4 potions of heal wounds
 O - 4 potions of resistance
 Q - 7 potions of cancellation
 T - 5 potions of invisibility
Miscellaneous
 s - a lightning rod (4/4)
 H - a phantom mirror


   Skills:
 O Level 27 Fighting
 O Level 27 Axes
 O Level 27 Armour
 + Level 17.4 Dodging
 + Level 26.0 Shields
 - Level 16.0 Evocations


You had 26 spell levels left.
You didn't know any spells.
Your spell library was empty.

Dungeon Overview and Level Annotations

Branches:
Dungeon (15/15)            Temple (0/1) D:7            Lair (5/5) D:9
 Shoals (4/4) Lair:3        Snake (4/4) Lair:2        Slime (5/5) Lair:5
    Orc (2/2) D:12            Elf (3/3) Orc:2        Vaults (5/5) D:13
  Crypt (3/3) Vaults:2     Depths (4/4) D:15           Hell (visited)
    Zot (5/5) Depths:4      IceCv (visited)         Volcano (visited)
Gauntlet (visited)
   Tomb: Crypt:3        Dis: Hell:1         Geh: Hell:1         Coc: Hell:1
    Tar: Hell:1

Altars:
Cheibriados
Fedhas
Gozag
Kikubaaqudgha
Makhleb
Nemelex Xobeh
Ru
Uskayaw
Xom
The Shining One
Beogh
Jiyva
Lugonu

Shops:
D:7 (   D:9 *   D:12 (   D:15 ?*   Orc:1 :   Orc:2 !!:(   Elf:1 ?:=:   Elf:3 :
Snake:1 =   Snake:3 :=(   Vaults:4 (   Depths:3 (

Portals:
Hell: Depths:1 Depths:2 Depths:3 Depths:4
Abyss: Lair:5 Depths:3
Pandemonium: Orc:2 Depths:1 Depths:2
Ziggurat: Depths:3

Annotations:
Crypt:3 Khufu
Hell Geryon


Innate Abilities, Weirdness & Mutations

You are clumsy. (Dex -2)
You passively map a small area around you.


Message History

You block the Orb Guardian's attack.
You slash the Orb Guardian!
The Orb Guardian is almost dead.
You block the Orb Guardian's attack. x2
You slash the Orb Guardian!
You kill the Orb Guardian!
Trog accepts your kill.
There is a stone staircase leading up here.
You climb upwards.
There is a stone staircase leading down here.
There is a stone staircase leading up here.
You climb upwards.
There is a stone staircase leading down here.
You open the door.
A great orb of eyes comes into view.
The great orb of eyes turns its gaze towards you.
The great orb of eyes misses you.
There is an open door here.
You block the great orb of eyes's attack.
There is a stone staircase leading up here.
You slice the great orb of eyes!!
The great orb of eyes is moderately wounded.
You block the great orb of eyes's attack.
You hit the great orb of eyes.
The great orb of eyes is moderately wounded.
The great orb of eyes bites you but does no damage.
You slice the great orb of eyes like a ripe choko!!!
You kill the great orb of eyes!
Trog accepts your kill.
There is a stone staircase leading up here.
You climb upwards.
There is a stone staircase leading down here.
You see here a +0 short sword.
There is an open door here.
A Hell Sentinel comes into view.
You enter the shallow water.
Moving in this stuff is going to be slow.
The Hell Sentinel moves out of view.
There is a staircase leading out of the dungeon here.
You have escaped!

..........+.....##...'....##.....
..........########...####.####...
########### #...# #.## #.## #
#################..###.## #
#≈≈≈§§§≈≈≈≈≈≈≈§≈##..##'## #
#≈≈≈§≈.§...§≈≈§≈#........ #
#≈≈....~~~....≈≈#........ #
#≈...~~~.~~~...≈#........ #
#≈..~~..@.~~~.1....1..... #
#§...~~~.~~~...≈#...>.... #
#≈§....~~~....§≈#........ #
#≈≈≈≈≈....§≈≈≈§≈#.)...... #
#≈§§≈≈≈§§§≈≈≈≈≈≈#)####### #
########.########.# # # #..#
#...#.####### # #.##
#...'..#..... # #.# #...#..#.....


You could see a Hell Sentinel.

Vanquished Creatures
  3 pandemonium lords
  the Royal Jelly (Slime:5)
  Dissolution (Slime:5)
  2 dread liches (Zot:5)
  2 orbs of fire (Zot:5)
  An ancient lich (Abyss:3)
  A royal mummy (Crypt:3)
  Sojobo (Depths:3)
  Bai Suzhen (Shoals:3)
  Margery (Depths:2)
  3 Killer Klowns (Zot:5)
  2 caustic shrikes (Depths:3)
  2 curse toes
  4 golden dragons
  3 doom hounds (Depths:4)
  A Brimstone Fiend (Zot:5)
  3 electric golems
  Rupert (D:13)
  10 tentacled monstrosities
  26 Orb Guardians
  5 liches
  Jorgrun (D:14)
  A walking earthen tome (Depths:2)
  2 titans (Vaults:5)
  A walking divine tome (Depths:3)
  A deep elf master archer (Elf:3)
  5 quicksilver dragons
  2 deep elf blademasters
  Grunn (Depths:4)
  Gastronok (Lair:3)
  21 acid blobs
  2 krakens
  An Executioner (D:6)
  5 ancient champions
  6 death cobs
  2 tentacled starspawn
  6 sphinxes
  8 shadow dragons
  Agnes (D:15)
  8 tengu reavers
  Roxanne (Snake:4)
  10 rockslimes
  8 storm dragons
  13 azure jellies
  7 fire giants
  4 revenants
  A draconian monk (Zot:1)
  4 draconian knights
  9 frost giants
  11 deep elf sorcerers
  An iron dragon (Vaults:4)
  14 vault wardens
  A shard shrike simulacrum (Hell)
  5 draconian scorchers
  Aizul (Snake:2)
  The ghost of HOAXBANE the Warrior, a journeyman MiMo of Makhleb (D:14)
  3 curse skulls
  2 ghost moths (Zot:5)
  3 draconian stormcallers
  2 spriggan defenders (Depths:3)
  6 ghouls
  2 draconian shifters (Zot:1)
  33 very ugly things
  4 deep elf elementalists (Elf:3)
  A war gargoyle (Depths:3)
  4 reapers
  10 stone giants
  5 vampire knights
  10 quicksilver oozes
  19 ironbound preservers
  6 ironbound thunderhulks
  2 deep elf demonologists
  8 green draconians
  A putrid mouth (Hell)
  9 white draconians
  A minotaur (Gauntlet)
  7 black draconians
  5 purple draconians
  7 yellow draconians
  An iron golem (Depths:3)
  5 deep elf annihilators
  9 red draconians
  12 spark wasps
  10 deep elf death magi
  8 dire elephants
  5 eidola
  2 blizzard demons
  6 merfolk javelineers
  8 fire dragons
  16 ettins
  A green death (D:15)
  9 merfolk impalers
  2 entropy weavers
  6 deep elf high priests
  A fire dragon (shapeshifter) (Lair:5)
  3 jiangshi
  An entropy weaver (shapeshifter) (D:14)
  12 great orbs of eyes
  A quicksilver dragon skeleton (Crypt:2)
  4 peacekeepers
  12 yaktaur captains
  Erolcha (D:13)
  26 vault guards
  9 hydras
  A rakshasa (Abyss:2)
  3 spriggan air magi
  6 salamander tyrants
  9 ice dragons
  17 centaur warriors
  An anaconda (shapeshifter) (Vaults:5)
  3 death knights
  9 ironbound frosthearts
  2 ogre magi
  5 boulder beetles
  3 merfolk avatars
  4 catoblepae
  3 two-headed ogres
  2 alligator snapping turtles
  2 demonspawn (Orc:2)
  21 dancing weapons
  10 death yaks
  A satyr (Shoals:3)
  4 anacondas
  8 spriggan berserkers
  6 merfolk aquamancers
  11 deep troll shamans
  11 naga warriors
  5 hell hogs
  6 vampire magi
  11 deep troll earth magi
  6 orc high priests (Orc:2)
  7 tengu warriors
  Sonja (Lair:2)
  18 hell knights
  8 shock serpents
  16 deep elf knights
  12 thrashing horrors
  Urug (D:11)
  7 soul eaters
  13 naga sharpshooters
  4 wretched stars
  2 shadow wraiths
  7 sun demons
  3 sixfirhies
  7 iron trolls (Depths:2)
  2 spark wasp zombies
  5 skysharks
  16 skeletal warriors
  The ghost of diealot the Thaumaturge, a novice DEIE of Sif Muna (D:9)
  66 deep trolls
  A fire crab (Gauntlet)
  2 flayed ghosts
  A sea snake (shapeshifter) (Vaults:5)
  3 salamander mystics (Snake:3)
  16 sea snakes
  2 bog bodies
  3 glowing orange brains
  A shadow demon (Lair:5)
  4 naga ritualists
  6 lindwurms
  17 deep elf archers
  7 orc knights
  A golden dragon skeleton (Crypt:1)
  An orange crystal statue (IceCv)
  6 starcursed masses
  19 ironbound convokers
  6 mana vipers
  25 harpies
  12 necromancers
  11 wizards
  27 deep elf zephyrmancers
  20 phantasmal warriors
  An iron giant skeleton (Crypt:3)
  29 deep elf pyromancers
  A shadow dragon skeleton (Hell)
  A glowing shapeshifter (Vaults:5)
  An iron dragon zombie (Crypt:2)
  3 shining eyes (Slime:5)
  An oklob plant (Lair:4)
  11 manticores
  10 orc sorcerers
  4 cyclopes
  62 ugly things
  12 moths of wrath
  4 centaur zombies
  A moth of wrath (shapeshifter) (Abyss:3)
  A cyclops (shapeshifter) (Vaults:5)
  7 water nymphs
  A draconian (Abyss:3)
  22 salamanders
  7 guardian serpents
  4 human skeletons
  7 eyes of devastation
  20 elephants
  The ghost of jotaen the Trooper, a novice MiMo (D:5)
  22 vault sentinels
  13 merfolk sirens
  7 smoke demons
  An elf zombie (Vaults:1)
  8 rust devils
  A green draconian zombie (Crypt:1)
  10 naga magi
  27 black mambas
  Maurice (D:12)
  An emperor scorpion simulacrum (Hell)
  An orange demon (Orc:2)
  5 storm dragon simulacra (IceCv)
  3 molten gargoyles
  8 cane toads
  A gargoyle (D:12)
  A hellion (Hell)
  2 kobold demonologists (D:12)
  An unseen horror (D:12)
  22 yaktaurs
  14 komodo dragons
  7 rime drakes
  A minotaur zombie (Crypt:2)
  5 tengu conjurers
  4 freezing wraiths
  9 ancient zymes
  7 golden dragon simulacra (IceCv)
  2 red devils (Crypt:3)
  A queen bee (Lair:1)
  2 ice devils
  A minotaur skeleton (Crypt:1)
  5 trolls
  17 merfolk
  A death yak skeleton (Crypt:3)
  9 hornets
  3 meliai (D:14)
  A wolf spider simulacrum (D:14)
  A tarantella (shapeshifter) (Lair:5)
  A tyrant leech (shapeshifter) (Vaults:5)
  12 wind drakes
  3 hellwings
  3 raiju (Abyss:3)
  2 harpy skeletons
  28 blink frogs
  8 snapping turtles
  20 dream sheep
  A frost giant simulacrum (Depths:2)
  A black mamba zombie (Crypt:2)
  7 air elementals
  4 ynoxinuls
  A culicivora (shapeshifter) (Lair:5)
  22 water elementals
  128 slime creatures
  13 wraiths
  8 spriggans
  3 shadows
  2 wyverns
  A satyr skeleton (Crypt:2)
  2 golden eyes (Slime:2)
  4 fire elementals
  5 fire bats (Gauntlet)
  A vampire (D:7)
  29 yaks
  5 basilisks
  4 chaos spawn
  A yaktaur simulacrum (Vaults:1)
  2 neqoxecs
  16 humans
  A redback (Vaults:2)
  2 steam dragons (Shoals:3)
  11 vampire mosquitoes
  15 large abominations
  A warg (D:15)
  The ghost of vvlvvlvvl the Covered, an amateur GrFi (D:6)
  39 nagas
  A glowing shapeshifter zombie (Depths:2)
  12 water moccasins
  2 acid dragons
  A two-headed ogre skeleton (Crypt:2)
  5 hell hounds
  21 orc warriors
  2 floating eyes
  A glowing shapeshifter skeleton (Depths:2)
  A naga skeleton (Hell)
  6 ice dragon simulacra (IceCv)
  A sky beast (D:6)
  A swamp drake (shapeshifter) (D:13)
  3 black bears
  A snapping turtle zombie (Crypt:1)
  7 boggarts
  5 centaurs
  5 ogres
  3 phantoms
  2 kobold brigands
  11 bullfrogs
  A vine stalker zombie (Crypt:2)
  A gnoll sergeant (D:8)
  A scorpion (D:4)
  4 necrophages
  3 earth elementals
  4 wights (D:9)
  3 lindwurm simulacra (IceCv)
  A queen bee zombie (Crypt:2)
  26 killer bees
  11 howler monkeys
  2 electric eels (Lair:3)
  18 small abominations
  29 orc priests
  A hound (D:5)
  A black bear zombie (Crypt:1)
  7 iguanas
  6 jellies
  A sleepcap (D:8)
  A gnoll bouda (D:8)
  2 iron imps (Abyss:3)
  23 orc wizards
  5 hell rats
  A lightning spire (Zot:1)
  A boggart skeleton (D:15)
  A mummy (D:6)
  17 gnolls
  6 adders
  9 river rats (D:8)
  2 shadow imps
  A white imp (D:6)
  An ufetubus (Abyss:2)
  An adder zombie (Crypt:2)
  3 dart slugs
  76 orcs
  7 ball pythons
  10 endoplasms
  A giant cockroach (D:1)
  11 goblins
  5 hobgoblins (D:1)
  2 jackals (D:2)
  6 quokkas
  A river rat zombie (Crypt:2)
  5 bats
  7 frilled lizards
  A giant cockroach zombie (Crypt:3)
  16 kobolds
  A kobold skeleton (Crypt:1)
  An orc zombie (Crypt:1)
  19 rats
  2 butterflies (Lair:5)
  5 tentacles
2421 creatures vanquished.

Vanquished Creatures (collateral kills)
  2 Killer Klowns (Zot:5)
  An electric golem (Zot:5)
  A balrug (Depths:3)
  A deep elf demonologist (Elf:3)
  2 deep elf annihilators (Elf:3)
  An ettin (Depths:3)
  2 deep elf high priests (Elf:3)
  3 vault guards (Vaults:5)
  3 hell hogs (Zot:5)
  A hell knight (Hell)
  A large abomination (Abyss:3)
  A deep elf knight (Elf:1)
  A sixfirhy (Abyss:3)
  A phantasmal warrior (Vaults:5)
  5 yaks (D:11)
  2 starcursed masses (Abyss:3)
  A hell rat (Hell)
29 creatures vanquished.

Vanquished Creatures (others)
  A storm dragon (Zot:2)
  A draconian shifter (Zot:2)
  A fire dragon (Zot:3)
  A deep elf pyromancer (Elf:1)
  A deep elf zephyrmancer (Elf:1)
  A chaos spawn (Abyss:3)
  A hell rat (Hell)
  4 starspawn tentacles
  7 tentacles
18 creatures vanquished.

Grand Total: 2468 creatures vanquished

Notes
Turn   | Place    | Note
-------+----------+-------------------------------------------
     0 | D:1      | HOAXBANE the Hill Orc Berserker began the quest for the
                  | Orb.
     0 | D:1      | Reached XP level 1. HP: 19/19 MP: 1/1
    84 | D:1      | Reached XP level 2. HP: 12/27 MP: 2/2
   416 | D:1      | Reached XP level 3. HP: 33/33 MP: 3/3
   560 | D:1      | Reached ** piety under Trog
  1037 | D:2      | Reached skill level 1 in Shields
  1037 | D:2      | Reached XP level 4. HP: 30/40 MP: 4/4
  1976 | D:3      | Noticed a water moccasin
  1993 | D:3      | Killed a water moccasin
  1994 | D:3      | Reached skill level 5 in Fighting
  1994 | D:3      | Reached skill level 5 in Axes
  1994 | D:3      | Reached XP level 5. HP: 30/48 MP: 5/5
  2190 | D:3      | Found a faded altar of an unknown god.
  2470 | D:4      | Reached XP level 6. HP: 56/56 MP: 6/6
  2771 | D:4      | Found an ancient bone altar of Kikubaaqudgha.
  2771 | D:4      | Found a hide-covered altar of Uskayaw.
  2772 | D:4      | Found a burning altar of Makhleb.
  2944 | D:4      | Reached *** piety under Trog
  3057 | D:4      | Reached XP level 7. HP: 62/62 MP: 7/7
  3835 | D:4      | Found a blossoming altar of Fedhas.
  3837 | D:4      | Found a glowing golden altar of the Shining One.
  3870 | D:5      | Entered Level 5 of the Dungeon
  4159 | D:5      | Found a runed translucent door.
  4160 | D:5      | Noticed a vampire mosquito
  4160 | D:5      | Noticed jotaen's ghost (novice MiMo)
  4200 | D:5      | Reached XP level 8. HP: 27/71 MP: 8/8
  4218 | D:5      | Reached skill level 5 in Armour
  4427 | D:5      | Killed jotaen's ghost
  4428 | D:5      | Reached skill level 5 in Shields
  4510 | D:5      | Found a shimmering altar of Xom.
  4883 | D:5      | Found the +7 staff of the Meek {protect, meekguard}
  4884 | D:5      | Found a roughly hewn altar of Beogh.
  4942 | D:6      | Found a runed translucent door.
  4959 | D:6      | Noticed vvlvvlvvl's ghost (amateur GrFi)
  4964 | D:6      | Reached XP level 9. HP: 80/80 MP: 9/9
  4986 | D:6      | Killed vvlvvlvvl's ghost
  5058 | D:6      | Reached **** piety under Trog
  5156 | D:6      | Found a snail-covered altar of Cheibriados.
  6039 | D:7      | Found Laoloneo's Weapon Shop.
  6162 | D:7      | Found a staircase to the Ecumenical Temple.
  7097 | D:8      | Reached skill level 10 in Axes
  7097 | D:8      | Reached XP level 10. HP: 66/91 MP: 10/10
  7413 | D:8      | Reached ***** piety under Trog
  7983 | D:9      | Reached skill level 10 in Fighting
  8015 | D:9      | Found a runed translucent door.
  8018 | D:9      | Noticed diealot's ghost (novice DEIE)
  8169 | D:9      | Identified the +1 robe of Ypeliqu {Int+4}
  8324 | D:9      | Found Jooguol's Assorted Antiques.
  8333 | D:9      | Bought a bubbling grey potion for 22 gold pieces
  8333 | D:9      | Bought a fuming coppery potion for 22 gold pieces
  8333 | D:9      | Bought a coppery potion for 22 gold pieces
  8333 | D:9      | Bought a helmet for 112 gold pieces
  8333 | D:9      | Bought a pair of boots for 112 gold pieces
  8541 | D:9      | Found a staircase to the Lair.
  8970 | D:10     | Entered Level 10 of the Dungeon
  9130 | D:10     | Reached skill level 1 in Evocations
  9132 | D:10     | Reached XP level 11. HP: 93/101 MP: 11/11
  9703 | D:11     | Noticed Urug
  9717 | D:11     | Killed Urug
  9986 | D:11     | Received a gift from Trog
 10690 | D:12     | Noticed a sixfirhy
 10710 | D:12     | Noticed a sixfirhy
 10935 | D:12     | Reached skill level 10 in Armour
 11005 | D:12     | Found a staircase to the Orcish Mines.
 11076 | D:12     | Noticed a cyclops
 11076 | D:12     | Noticed a two-headed ogre
 11093 | D:12     | Killed a cyclops
 11189 | D:12     | Killed a two-headed ogre
 11190 | D:12     | Reached skill level 10 in Shields
 11212 | D:12     | Noticed a brown ugly thing
 11222 | D:12     | Killed a brown ugly thing
 11282 | D:12     | Noticed a deep elf pyromancer
 11290 | D:12     | Noticed a two-headed ogre
 11340 | D:11     | Killed a two-headed ogre
 11341 | D:11     | Reached XP level 12. HP: 86/112 MP: 12/12
 11432 | D:12     | Found Lutif's Antique Weapon Shoppe.
 11651 | D:12     | Noticed Maurice
 11662 | D:12     | Killed Maurice
 11962 | D:12     | Identified the +0 scale mail of Divine Compulsion {rPois
                  | rF+ Str-3}
 12295 | D:13     | Noticed a centaur warrior
 12295 | D:13     | Noticed Rupert
 12295 | D:13     | Found a gate to the Vaults.
 12605 | D:13     | Killed Rupert
 12612 | D:13     | Killed a centaur warrior
 12632 | D:13     | Noticed a boulder beetle
 12670 | D:13     | Killed a boulder beetle
 12671 | D:13     | Reached XP level 13. HP: 70/122 MP: 13/13
 13053 | D:13     | Noticed Erolcha
 13065 | D:13     | Killed Erolcha
 13697 | D:14     | Noticed Jorgrun
 13712 | D:14     | Killed Jorgrun
 13977 | D:9      | Killed diealot's ghost
 14173 | Lair:1   | Entered Level 1 of the Lair of Beasts
 14848 | Lair:1   | Reached skill level 15 in Axes
 15115 | Lair:2   | Reached skill level 5 in Evocations
 15165 | Lair:2   | Noticed Sonja
 15167 | Lair:2   | Killed Sonja
 15193 | Lair:2   | Found a staircase to the Snake Pit.
 15840 | Lair:2   | Reached XP level 14. HP: 127/133 MP: 14/14
 16108 | Lair:3   | Received a gift from Trog
 16122 | Lair:3   | Noticed Gastronok
 16144 | Lair:3   | Killed Gastronok
 16208 | Lair:3   | Found a dark tunnel.
 16213 | Volcano  | Entered a volcano
 16578 | Volcano  | Identified the +1 helmet of the Ditch-Digger {Regen+}
 16922 | Lair:3   | Reached skill level 15 in Fighting
 17140 | Lair:3   | Found a sacrificial altar of Ru.
 17250 | Lair:3   | Found a staircase to the Shoals.
 17550 | Lair:4   | Found a gate leading to a gauntlet.
 17558 | Gauntlet | Entered a Gauntlet
 17558 | Gauntlet | Found a transporter.
 17558 | Gauntlet | Found a transporter.
 17560 | Gauntlet | Found a transporter.
 17564 | Gauntlet | Found a transporter.
 17565 | Gauntlet | Found a transporter.
 17603 | Gauntlet | Found a transporter.
 17607 | Gauntlet | Found a transporter.
 17618 | Gauntlet | Found a transporter.
 17639 | Gauntlet | Found a transporter.
 17642 | Gauntlet | Found a transporter.
 17666 | Gauntlet | Found a transporter.
 17680 | Gauntlet | Found a transporter.
 17880 | Gauntlet | Identified the +3 pair of boots of Hyxu {Contam +Inv rF-
                  | Will+++}
 17936 | Gauntlet | Identified the amulet "Lutuite" {RegenMP Rampage *Slow
                  | Dex+2 SInv}
 17948 | Gauntlet | Identified the +5 ring mail of the Grue {rElec Int-2 Dex+3}
 17982 | Gauntlet | Identified the +0 robe of the Voracious God {Str+7 Int+2}
 18018 | Lair:4   | Received a gift from Trog
 18141 | Lair:3   | Reached XP level 15. HP: 90/141 MP: 15/15
 18210 | Lair:3   | Reached skill level 5 in Dodging
 18663 | Lair:5   | Entered Level 5 of the Lair of Beasts
 18707 | Lair:5   | Identified a scroll of acquirement
 18708 | Lair:5   | Acquired a manual of Fighting
 18836 | Lair:5   | Found a viscous altar of Jiyva.
 18980 | Lair:5   | Found a staircase to the Slime Pits.
 19053 | Lair:5   | Identified the +7 battleaxe of Suruytesk {heavy, rPois rC+
                  | Str+2} (Trog gifted it to you on level 5 of the Lair of
                  | Beasts)
 19053 | Lair:5   | Received a gift from Trog
 19955 | Lair:5   | Found a corrupted altar of Lugonu.
 19955 | Lair:5   | Found a one-way gate to the infinite horrors of the Abyss.
 20231 | Orc:1    | Entered Level 1 of the Orcish Mines
 20264 | Orc:1    | Received a gift from Trog
 20305 | Orc:1    | Found Diplooxa's Vocational Training.
 20435 | Orc:1    | You fall into a shaft and drop 1 floor!
 20435 | Orc:2    | Entered Level 2 of the Orcish Mines
 20640 | Orc:2    | Found a staircase to the Elven Halls.
 20824 | Orc:2    | Found Rocseur's Distillery.
 20829 | Orc:2    | Found Hualunaico's Distillery.
 20955 | Orc:2    | Reached XP level 16. HP: 130/165 MP: 16/16
 20962 | Orc:2    | Received a gift from Trog
 21017 | Orc:2    | Gained mutation: Your spells are a little easier to cast,
                  | but a little less powerful. [a neqoxec]
 21019 | Orc:2    | Gained mutation: Your body sometimes deteriorates upon
                  | taking damage. [a neqoxec]
 21105 | Orc:2    | Found Aceamas's Antique Weapon Shoppe.
 21105 | Orc:2    | Found a one-way gate leading to the halls of Pandemonium.
 21105 | Orc:2    | Found Livin's Book Emporium.
 21119 | Orc:2    | Bought a manual of Dodging for 960 gold pieces
 21150 | Orc:2    | Bought a potion of curing for 42 gold pieces
 21150 | Orc:2    | Bought a potion of heal wounds for 70 gold pieces
 21150 | Orc:2    | Bought a potion of resistance for 140 gold pieces
 21150 | Orc:2    | Bought a potion of berserk rage for 70 gold pieces
 21150 | Orc:2    | Bought a potion of might for 56 gold pieces
 21152 | Orc:2    | Bought a potion of curing for 39 gold pieces
 21152 | Orc:2    | Bought a potion of curing for 39 gold pieces
 21152 | Orc:2    | Bought a potion of curing for 39 gold pieces
 21152 | Orc:2    | Bought a potion of curing for 39 gold pieces
 21781 | Elf:1    | Entered Level 1 of the Elven Halls
 21806 | Elf:1    | Received a gift from Trog
 21839 | Elf:1    | Found Izibb's Magic Scroll Shoppe.
 21987 | Elf:1    | Found Rosor's Book Boutique.
 21990 | Elf:1    | Found Bentufif's Jewellery Shoppe.
 21991 | Elf:1    | Found Ittyc's Book Boutique.
 22221 | Elf:1    | Reached skill level 10 in Dodging
 22304 | Elf:1    | Identified the +1 scale mail "Barin" {rPois rCorr Str+3
                  | Slay-3}
 22521 | Elf:1    | Reached ****** piety under Trog
 22735 | Elf:2    | Received a gift from Trog
 23091 | Elf:2    | Identified the staff of conjuration "Synlommiydgh" {rC++
                  | Dex+5}
 23252 | Elf:2    | Reached XP level 17. HP: 173/173 MP: 17/17
 23391 | Elf:2    | Found a runed translucent gate.
 23392 | Elf:2    | Found a runed translucent gate.
 23392 | Elf:2    | Found a runed translucent gate.
 23530 | Elf:2    | Received a gift from Trog
 24343 | Elf:3    | Entered Level 3 of the Elven Halls
 24451 | Elf:3    | Found Peud's Book Boutique.
 24556 | Elf:3    | Paralysed by an air elemental for 1 turns
 24637 | Elf:3    | Reached skill level 15 in Shields
 24763 | Elf:3    | Noticed a deep elf blademaster
 24783 | Elf:3    | Killed a deep elf blademaster
 24784 | Elf:3    | Noticed a deep elf blademaster
 24799 | Elf:2    | Killed a deep elf blademaster
 25229 | Elf:3    | Received a gift from Trog
 25383 | Elf:3    | Noticed a deep elf master archer
 25393 | Elf:3    | Killed a deep elf master archer
 25515 | Elf:3    | Reached XP level 18. HP: 182/182 MP: 18/18
 25718 | Elf:3    | Identified the +2 robe "Tifiu" {rF+ Str+2}
 25721 | Elf:3    | Identified the +4 ring mail of Ignis's Envy {Dex+3}
 25871 | Elf:3    | Identified the +4 whip "Opposit" {freeze, rN+ Str-3 Dex+3}
 25886 | Elf:3    | Identified the +6 flail "Rerihym" {speed, rElec rF- rN++
                  | Int+3}
 25937 | Elf:3    | Identified the +9 broad axe of Lies {heavy, +Blink Str+3
                  | Int+3}
 26354 | Elf:1    | Acquired a manual of Armour
 26979 | D:14     | Found a sparkling altar of Nemelex Xobeh.
 27002 | D:14     | Found a runed translucent door.
 27005 | D:14     | Noticed HOAXBANE's ghost (journeyman MiMo)
 27006 | D:14     | Identified the +2 spear "Guyps" {holy, rPois rCorr Int+3}
 27024 | D:14     | Killed HOAXBANE's ghost
 27026 | D:14     | Received a gift from Trog
 27121 | D:15     | Entered Level 15 of the Dungeon
 27313 | D:15     | Noticed Agnes
 27324 | D:15     | Killed Agnes
 27444 | D:15     | Found a staircase to the Depths.
 27622 | D:15     | Found Diphium's Desiderata Depot.
 27841 | D:15     | Found Koumigod's Magic Scroll Boutique.
 27960 | Orc:1    | Bought a manual of Evocations for 1280 gold pieces
 28630 | Snake:1  | Entered Level 1 of the Snake Pit
 28824 | Snake:1  | Reached skill level 15 in Armour
 28859 | Snake:1  | Reached skill level 10 in Evocations
 28889 | Snake:1  | Received a gift from Trog
 28945 | Snake:1  | Found Aryragg's Jewellery Shop.
 30701 | Snake:2  | Noticed Aizul
 30718 | Snake:2  | Killed Aizul
 30935 | Snake:2  | You fall into a shaft and drop 1 floor!
 31487 | Snake:3  | Reached XP level 19. HP: 107/189 MP: 1/19
 31489 | Snake:3  | Received a gift from Trog
 31789 | Snake:3  | Identified the +2 helmet of the Endless Expanse {rCorr
                  | Dex+4}
 31966 | Snake:3  | Found Nunlan's Weapon Shop.
 31968 | Snake:3  | Found Elarar's Jewellery Boutique.
 31970 | Snake:3  | Found Temout's Book Shop.
 32415 | Snake:4  | Entered Level 4 of the Snake Pit
 33090 | Snake:4  | Identified Roxanne's Compendium of the Fault
 33090 | Snake:4  | Noticed Roxanne
 33100 | Snake:4  | Killed Roxanne
 33662 | Snake:4  | Identified the +4 halberd of the Holding Gods {venom,
                  | rPois}
 33728 | Snake:4  | Received a gift from Trog
 34178 | Snake:4  | Reached skill level 15 in Evocations
 34574 | Snake:4  | Got a serpentine rune of Zot
 34874 | Shoals:1 | Entered Level 1 of the Shoals
 34999 | Shoals:1 | Found a frozen archway.
 35040 | IceCv    | Entered an ice cave
 35322 | IceCv    | Received a gift from Trog
 35756 | IceCv    | Identified the ring "Cimoemm" {Fly Int+3 Stlth+}
 35763 | IceCv    | Identified the amulet "Qyid" {Spirit rPois Slay+3}
 35881 | Shoals:1 | Identified the +1 ring mail of Pathos {rC+ Will+ Dex+2}
 36736 | Shoals:1 | Reached XP level 20. HP: 198/198 MP: 17/20
 37175 | Shoals:2 | Received a gift from Trog
 38305 | Shoals:3 | Noticed Bai Suzhen
 38321 | Shoals:3 | Killed Bai Suzhen
 38985 | Shoals:3 | Identified the +4 plate armour "Kahali" {rElec rC+ Slay+3}
 39083 | Shoals:4 | Entered Level 4 of the Shoals
 39724 | Shoals:4 | Paralysed by an air elemental for 1 turns
 39747 | Shoals:4 | Paralysed by an air elemental for 1 turns
 39756 | Shoals:4 | Paralysed by an air elemental for 1 turns
 39758 | Shoals:4 | Paralysed by an air elemental for 1 turns
 39767 | Shoals:3 | Paralysed by an air elemental for 1 turns
 39769 | Shoals:3 | Paralysed by an air elemental for 1 turns
 40447 | Shoals:4 | Paralysed by an air elemental for 1 turns
 40451 | Shoals:4 | Paralysed by an air elemental for 1 turns
 40454 | Shoals:4 | Paralysed by an air elemental for 1 turns
 40456 | Shoals:4 | Paralysed by an air elemental for 1 turns
 40538 | Shoals:4 | Received a gift from Trog
 40795 | Shoals:4 | Identified the +2 great mace "Earthworm" {spect, MP+9
                  | Dex+5}
 40875 | Shoals:4 | Got a barnacled rune of Zot
 41382 | Slime:1  | Entered Level 1 of the Pits of Slime
 41887 | Slime:1  | Received a gift from Trog
 41888 | Slime:1  | Reached XP level 21. HP: 177/210 MP: 0/21
 44157 | Slime:3  | Received a gift from Trog
 44432 | Slime:5  | Entered Level 5 of the Pits of Slime
 44532 | Slime:5  | Noticed Dissolution
 44638 | Slime:5  | Killed Dissolution
 44804 | Slime:5  | Noticed the Royal Jelly
 44824 | Slime:5  | Killed the Royal Jelly
 44859 | Slime:5  | Gained mutation: You are clumsy. (Dex -2) [a shining eye]
 45412 | Slime:5  | Received a gift from Trog
 45646 | Slime:5  | Lost mutation: You are clumsy. (Dex -2) [potion of
                  | mutation]
 45646 | Slime:5  | Lost mutation: Your spells are a little easier to cast, but
                  | a little less powerful. [potion of mutation]
 45646 | Slime:5  | Lost mutation: Your body sometimes deteriorates upon taking
                  | damage. [potion of mutation]
 45646 | Slime:5  | Gained mutation: Armour fits poorly on your strangely
                  | shaped body. [potion of mutation]
 45695 | Slime:5  | Identified the +2 hand axe "Ufem Xer" {antimagic, rElec
                  | Str+4 Stlth+}
 45726 | Slime:5  | Identified the +0 scale mail of Dishonesty {Fly Int+2}
 45734 | Slime:5  | Identified the ring of Feurph {Fire Str+6}
 45778 | Slime:5  | Identified the +9 rapier of Peace {spect, rPois Will+ Int+2
                  | Stlth+}
 45780 | Slime:5  | Got a slimy rune of Zot
 45786 | Slime:5  | Identified the staff of air "Yseb" {rElec rN+}
 46055 | Vaults:1 | Entered Level 1 of the Vaults
 46290 | Vaults:1 | Reached XP level 22. HP: 218/222 MP: 0/22
 47182 | Vaults:1 | Found a portal to a secret trove of treasure.
 47333 | Vaults:1 | Reached skill level 27 in Axes
 47528 | Vaults:1 | Received a gift from Trog
 48762 | Vaults:2 | Received a gift from Trog
 49336 | Vaults:2 | Found a staircase to the Crypt.
 50204 | Vaults:3 | Received a gift from Trog
 50540 | Vaults:3 | Reached XP level 23. HP: 216/229 MP: 0/23
 51850 | Vaults:4 | Identified the +0 plate armour of the Arcane {rPois Str+5
                  | Int+3}
 52151 | Vaults:4 | Found Genaesai's Antique Weapon Shop.
 52265 | Vaults:4 | Received a gift from Trog
 53181 | Vaults:5 | Entered Level 5 of the Vaults
 53323 | Vaults:5 | Gained mutation: You occasionally lose the ability to read
                  | scrolls when taking damage. [a shining eye]
 53522 | Vaults:5 | Noticed a golden dragon
 53535 | Vaults:4 | Killed a golden dragon
 53671 | Vaults:5 | Identified the +4 halberd "Kapiab" {heavy, rElec rF- rC+++
                  | Str+3} (Trog gifted it to you on level 5 of the Vaults)
 53671 | Vaults:5 | Received a gift from Trog
 54266 | Vaults:5 | Identified the +8 morningstar of Misery {elec, Drain rF+
                  | SInv}
 54399 | Vaults:5 | Noticed a golden dragon
 54409 | Vaults:5 | Killed a golden dragon
 54494 | Vaults:5 | Got a silver rune of Zot
 54501 | Vaults:5 | Identified the +2 spear of Valiance {venom, Fly rN+ MP-9
                  | Int+3}
 54537 | Vaults:5 | Identified the ring of Roquxkex {Contam AC+4 Int+5}
 54569 | Vaults:5 | Reached XP level 24. HP: 246/247 MP: 6/23
 54823 | Vaults:5 | Identified the +8 chain mail of Divine Compulsion {Harm Fly
                  | rPois Int-5}
 54831 | Vaults:5 | Reached skill level 27 in Fighting
 54855 | Vaults:5 | Identified the +4 great sword "Unabbig" {flame, rF+ rC- rN+
                  | Dex+3}
 54865 | Vaults:5 | Received a gift from Trog
 55257 | Vaults:5 | Identified the staff of poison "Reruzif" {Fly rPois rC-
                  | Int+8}
 55260 | Vaults:5 | Identified the staff of conjuration "Ynaeseyr" {Dex+5}
 55268 | Vaults:5 | Identified the +0 helmet of Ytesam {Harm rC- Regen+ Stlth+}
 55471 | Vaults:5 | Identified the +0 chain mail "Jergh" {Stlth+}
 55484 | Vaults:5 | Identified the +2 robe "Wuetig" {rPois Int-2 Archmagi}
 55689 | Vaults:5 | Identified the +3 pair of gloves of Feasting {Int+6}
 55771 | Vaults:5 | Identified the +4 arbalest "Imaowoje" {heavy, rPois}
 56235 | Vaults:1 | You paid a toll of +2 shadow dragon scales to enter a
                  | treasure trove
 56236 | Trove    | Entered a treasure trove
 56236 | Trove    | Found the +3 hat of Pondering {ponderous, Will+ MP+10
                  | Int+5}
 56307 | Trove    | Identified the ring "Lintumep" {Contam rElec rF+ Str+6}
 56320 | Trove    | Identified the ring of Quryin {rPois rC- Int+7}
 56343 | Trove    | Identified the ring of the King {rF+ rC+ Str+2 Int+3
                  | Slay+2}
 56365 | Trove    | Identified the amulet of Beogh's Hatred {Acrobat rC+++ rN+
                  | Will- Int+4}
 56377 | Trove    | Identified the amulet "Wufun" {RegenMP Regen+ Stlth+}
 56378 | Trove    | Identified the amulet of the Sparrow {Spirit Will+ Regen+}
 56400 | Trove    | Identified the +4 kite shield of Altruism {rElec rPois rC+
                  | Stlth-}
 56453 | Vaults:1 | Lost mutation: You occasionally lose the ability to read
                  | scrolls when taking damage. [potion of mutation]
 56453 | Vaults:1 | Lost mutation: Armour fits poorly on your strangely shaped
                  | body. [potion of mutation]
 56453 | Vaults:1 | Gained mutation: You are occasionally teleported next to
                  | monsters. [potion of mutation]
 56453 | Vaults:1 | Gained mutation: You are dopey. (Int -2) [potion of
                  | mutation]
 56569 | Crypt:1  | Entered Level 1 of the Crypt
 56700 | Crypt:1  | Identified the +10 rapier "Terohunu" {flame, *Slow rF++
                  | rN+} (Trog gifted it to you on level 1 of the Crypt)
 56700 | Crypt:1  | Received a gift from Trog
 58577 | D:15     | Bought a scroll of blinking for 105 gold pieces
 58577 | D:15     | Bought a scroll of enchant armour for 105 gold pieces
 58728 | Elf:1    | Bought a scroll of blinking for 150 gold pieces
 59113 | Crypt:2  | Identified the +8 war axe "Muakiq" {flame, *Rage Will+
                  | Dex+2} (Trog gifted it to you on level 2 of the Crypt)
 59113 | Crypt:2  | Received a gift from Trog
 59489 | Crypt:3  | Entered Level 3 of the Crypt
 59608 | Crypt:3  | Noticed Khufu
 59612 | Crypt:3  | Noticed a royal mummy
 59612 | Crypt:3  | Noticed a royal mummy
 59626 | Crypt:3  | Killed a royal mummy
 60375 | Lair:5   | Voluntarily entered the Abyss.
 60376 | Abyss:1  | Found a corrupted altar of Lugonu.
 60421 | Abyss:1  | Gained mutation: You are frail. (-10% HP) [a neqoxec]
 60599 | Abyss:2  | Reached XP level 25. HP: 189/231 MP: 12/23
 60791 | Abyss:3  | Found a corrupted altar of Lugonu.
 60872 | Abyss:3  | Identified the +5 war axe "Ilea" {flame, rElec} (Trog
                  | gifted it to you on level 3 of the Abyss)
 60872 | Abyss:3  | Received a gift from Trog
 60902 | Abyss:3  | Found a transporter.
 60919 | Abyss:3  | Noticed an ancient lich
 60925 | Abyss:3  | Killed an ancient lich
 60928 | Abyss:3  | Found a transporter.
 60931 | Abyss:3  | Got an abyssal rune of Zot
 60950 | Abyss:3  | Paralysed by accursed screaming for 2 turns
 60960 | Lair:5   | Escaped the Abyss
 61534 | Depths:1 | Entered Level 1 of the Depths
 61662 | Vaults:1 | Lost mutation: You are occasionally teleported next to
                  | monsters. [potion of mutation]
 61662 | Vaults:1 | Lost mutation: You are dopey. (Int -2) [potion of mutation]
 61662 | Vaults:1 | Lost mutation: You are frail. (-10% HP) [potion of
                  | mutation]
 61662 | Vaults:1 | Gained mutation: You are clumsy. (Dex -2) [potion of
                  | mutation]
 62106 | Depths:1 | Found a hide-covered altar of Uskayaw.
 62477 | Depths:1 | Identified the ring "Boptonaa" {rF+ Int-2 Dex+4 SInv}
 62824 | Depths:1 | Found the +2 hood of the Assassin {Detect Stab+ Stlth++}
 62901 | Depths:1 | Found a gateway to Hell.
 63200 | Hell     | Entered the Vestibule of Hell
 63200 | Hell     | Noticed Geryon
 63262 | Depths:2 | Received a gift from Trog
 63486 | Depths:2 | Noticed Margery
 63502 | Depths:2 | Killed Margery
 64177 | Depths:2 | Received a gift from Trog
 64719 | Depths:2 | Found a runed translucent gate.
 64719 | Depths:2 | Found a runed translucent gate.
 64719 | Depths:2 | Found a runed translucent gate.
 64725 | Depths:2 | Identified the +3 troll leather armour of Least Resistance
                  | {rPois rF+ Regen+ Dex-5}
 64727 | Depths:2 | Paralysed by a floating eye for 3 turns
 64748 | Depths:2 | Reached XP level 26. HP: 266/266 MP: 0/23
 64794 | Depths:2 | Found a runed translucent gate.
 64794 | Depths:2 | Found a runed translucent gate.
 64794 | Depths:2 | Found a runed translucent gate.
 64813 | Depths:2 | Identified the +8 short sword of Grandeur {protect, Contam
                  | rElec rCorr Stlth+}
 66117 | Depths:3 | Identified the +0 ring mail "Ixaown" {MP+9}
 66165 | Depths:3 | Noticed Sojobo
 66189 | Depths:3 | Killed Sojobo
 66506 | Depths:3 | Found a one-way gateway to a ziggurat.
 66696 | Depths:3 | Found an opulent altar of Gozag.
 66759 | Depths:3 | Found Funtat's Weapon Boutique.
 66997 | Depths:3 | Received a gift from Trog
 67105 | Depths:3 | Reached skill level 15 in Dodging
 67456 | Depths:4 | Entered Level 4 of the Depths
 68949 | Hell     | Received a gift from Trog
 69140 | Abyss:3  | Cast into level 3 of the Abyss (reaper)
 69146 | Hell     | Escaped the Abyss
 69378 | Depths:4 | Noticed Grunn
 69393 | Depths:4 | Killed Grunn
 70301 | Depths:4 | Found a gate to the Realm of Zot.
 70308 | Zot:1    | Entered Level 1 of the Realm of Zot
 70463 | Zot:1    | Reached XP level 27. HP: 180/273 MP: 20/23
 71316 | Zot:1    | You fall into a shaft and drop 1 floor!
 71320 | Zot:2    | Received a gift from Trog
 71780 | Zot:3    | Identified the +4 scimitar of a wizard's laboratory {vamp,
                  | *Noise Will+ Dex+4 Stlth+}
 71882 | Zot:5    | Entered Level 5 of the Realm of Zot
 71917 | Zot:5    | Identified the +0 ring mail of Ignis's Displeasure {rPois
                  | Regen+ Str-5 Int-5}
 72361 | Zot:5    | Noticed a dread lich
 72377 | Zot:5    | Killed a dread lich
 72448 | Zot:5    | Noticed a dread lich
 72456 | Zot:5    | Killed a dread lich
 72458 | Zot:5    | Noticed an orb of fire
 72465 | Zot:5    | Killed an orb of fire
 72768 | Zot:5    | Noticed an orb of fire
 72775 | Zot:5    | Killed an orb of fire
 72788 | Zot:5    | Received a gift from Trog
 72799 | Zot:5    | Got the Orb of Zot
 72975 | Zot:1    | Gained mutation: You passively map a small area around you.
                  | [a cacodemon]
 73099 | Depths:1 | Noticed Huish the pandemonium lord
 73144 | Depths:1 | Noticed Yxkiocvud the pandemonium lord
 73185 | Depths:1 | Killed Yxkiocvud the pandemonium lord
 73347 | D:12     | Noticed Coamog the pandemonium lord
 73361 | D:11     | Killed Coamog the pandemonium lord
 73396 | D:8      | Noticed Salo the pandemonium lord
 73416 | D:8      | Killed Salo the pandemonium lord
 73428 | D:7      | Reached skill level 27 in Armour
 73443 | D:6      | Noticed Jecur Xamoxt the pandemonium lord
 73570 | D:$      | Escaped with the Orb!

Illustrated notes

Levels and vault maps discovered:
D:1:      dpeg_arrival_shrine, layout_basic
D:2:      layout_basic, amcnicky_mini_corridor_feature
D:3:      cheibrodos_old_hovel, layout_rooms, serial_forest,
          infiniplex_forest_corner_2, infiniplex_forest_end_2,
          infiniplex_forest_lined_2, infiniplex_forest_clump_diagonal,
          ebering_ecumenical_altar_sacrificial
D:4:      layout_basic, nicolae_overflow_hidden_temple
D:5:      layout_rooms, mainiacjoe_overflow_brackets, ebering_ghost_inner_flame,
          pf_guarded_unrand_meek
D:6:      layout_cave_pools, slow_altar_1, ebering_ghost_sewer_d
D:7:      layout_basic, temple_statues, serial_corexii_hall,
          corexii_hall_statues_u, corexii_hall_statues_x, serial_shops,
          nicolae_shop_just_a_little_nook
D:8:      lemuel_ratsnest, layout_loops_ring
D:9:      layout_loops_corners, lair_entry_dummy, hellmonk_ghost_big_iron,
          serial_shops, nicolae_diamond_shop, lemuel_flamethrower_2
D:10:     layout_rooms
D:11:     layout_stronghold, uniq_urug
D:12:     minmay_octagon_keep, layout_loops_corners, orc_0_dummy, serial_shops,
          kennysheep_mini_moat, uniq_maurice
D:13:     layout_basic, david_vaults_3, lightli_corner_chamber, uniq_erolcha
D:14:     layout_big_octagon, nemelex_diamond_rough_becter, serial_park,
          serial_park_avenue1, serial_park_paths [serial_park_minivault_5x5_2],
          serial_park_tiny_2, ebering_ghost_funeral_grove, uniq_jorgrun
D:15:     grunt_enter_depths_magical_seal, layout_basic, serial_shops,
          nicolae_shop_tiny_statue_garden, minmay_misc_feat_pillars,
          nicolae_alphabet_shops, uniq_agnes
Lair:1:   layout_concentric_octagons, special_room [special_room_bee],
          grunt_forest_small_clearings
Lair:2:   layout_loops_ring, guppyfry_snake_entry_garden, grunt_megastairs_3,
          infiniplex_staircase_pool_2, uniq_sonja
Lair:3:   layout_gridlike, elwin_shoals_entry_stream,
          nicolae_volcano_entry_lava_flow, basic_altar,
          nicolae_quartered_pool_medium, st_stairs_10, uniq_gastronok
Lair:4:   layout_misc_corridors, gauntlet_entry_generic, lemuel_fruit_tree
Lair:5:   hellmonk_lair_end_abyssal_woods, layout_cave_pods,
          minmay_slime_entry_pillars, lemuel_fruit_fields, lemuel_fruit_fields
Shoals:1: nicolae_shoals_deep_elves_summer_vacation, layout_shoals,
          portal_ice_cave_entry_ugly_swarm
Shoals:2: layout_shoals, nicolae_shoals_gull_way
Shoals:3: nzn_motion_control, layout_shoals, nicolae_shoals_drake_roost,
          uniq_bai_suzhen
Shoals:4: shoals_end_hellmonk_storm_palace [storm_palace_center_ruins,
          storm_palace_corner_pillars, storm_palace_corner_grid,
          storm_palace_corner_grid, storm_palace_corner_narrow]
Snake:1:  layout_chambers, serial_shops, nicolae_shop_hallway_plus
Snake:2:  layout_gridlike, st_stairs_12, uniq_aizul
Snake:3:  nicolae_sea_snake_s, layout_cave_town, minmay_shop_star
Snake:4:  hellmonk_snake_rune_quicksilver_temple, layout_grid_maze,
          nicolae_fountain_basement, grunt_megastairs_4, uniq_roxanne
Slime:1:  layout_caves
Slime:2:  nicolae_slime_infinislime, layout_caves
Slime:3:  layout_caves
Slime:4:  cheibrodos_slime_lost_civilization_2, layout_caves
Slime:5:  uniq_dissolution
Orc:1:    layout_diamond_mine, nicolae_shop_vocational
Orc:2:    pf_orc_diabolical, layout_caves
Elf:1:    elf_arrival_002, layout_geoelf_diagonals, serial_shops,
          shop_fountains, minmay_elf_sorcery, minmay_shop_grove,
          grunt_megastairs_1
Elf:2:    nicolae_elf_blades_crystal_corner, layout_onion_city
Elf:3:    minmay_elf_hall_spiked, layout_gridlike, serial_shops, shop
Vaults:1: nicolae_vaults_double_plus_1, vaults_room_pool,
          nicolae_vaults_tetromino_L_1, vaults_dpeg_encased_lava,
          ontoclasm_vaults_ring_small, vaults_mumra_minichess_inversion,
          nicolae_vaults_shock_wave, hangedman_vaults_slither,
          nicolae_vaults_six-pack, nicolae_vaults_swerve,
          nicolae_vaults_network_periphery, nicolae_vaults_diagonal_hallway_8,
          hangedman_vaults_stitches, vaults_mumra_hexcomb, grunt_vaults_bifocal,
          nicolae_vaults_prndl, nicolae_vaults_trapezoid_layered,
          layout_vaults_maze, nicolae_trove_entry_crystal
Vaults:2: minmay_crypt_entry_simple_round, nicolae_vaults_closet_pinwheel_5,
          nicolae_vaults_security_offices_1, nicolae_vaults_tetromino_T_2,
          nicolae_vaults_surprise_closet, nicolae_vaults_cochlea,
          vaults_room_semicircle, nicolae_vaults_little_squares_4,
          ontoclasm_vaults_pinch, vaults_room_stairs_pillars,
          hangedman_vaults_pinch, nicolae_vaults_specimen_jars,
          nicolae_vaults_diamond_2, nicolae_vaults_heart-shaped_vault,
          layout_vaults_chaotic_city
Vaults:3: nicolae_vaults_little_squares_5, nicolae_vaults_shrinking_rooms_2,
          v_misc_10, nicolae_vaults_little_squares_2,
          nicolae_vaults_double_plus_2, nicolae_vaults_sightless_eye,
          nicolae_vaults_diamond_2, vaults_mumra_chevron_long,
          nicolae_vaults_ring_of_whatevers, layout_vaults_omnigrid
Vaults:4: nicolae_vaults_network_star, ontoclasm_vaults_twist,
          nicolae_vaults_little_ls, v_misc_10, nicolae_vaults_layer_cake_slice,
          nicolae_vaults_prndl, nicolae_vaults_rhombus_5,
          nicolae_vaults_little_squares_4, hangedman_vaults_corner_blocks,
          v_misc_8, hangedman_vaults_stretched_pinwheel,
          nicolae_vaults_tetromino_Z_1, layout_vaults_ring, serial_shops, shop
Vaults:5
Crypt:1:  layout_misc_corridors
Crypt:2:  layout_gridlike, grunt_ministairs_14, corexii_hall_statues_deadend
Crypt:3:  church_of_pain_bobbens, layout_chaotic_city, tomb_entry_shell_bobbens,
          lemuel_hellish_altar, uniq_khufu
Depths:1: layout_gridville, grunt_pan_entry_sceptre, grunt_decor_fettered,
          pf_coc_iceberg, hangedman_decor_opposing, corner_web_ring,
          minmay_misc_feat_hallway, grunt_ministairs_3, st_stairs_14,
          minmay_stone_trees_medium, eat_drink_and_be_merry_uskayaw
Depths:2: kennysheep_treasure_stockpile, layout_gridlike, grunt_metal_band,
          pan_entry, nicolae_figureground_sparkle, infiniplex_staircase_star
Depths:3: minmay_inside_and_out, layout_gridlike, enter_ziggurat_a,
          minmay_room_of_horrors, hell_entry, grunt_gozag_statues, serial_shops,
          nicolae_shop_bloodbath_and_beyond, infiniplex_staircase_river,
          uniq_sojobo
Depths:4: evilmike_zot_entry_hall, layout_cave_shapes, hellmouth_1,
          chequers_big_river, uniq_grunn
Hell
Zot:1:    layout_cathedral_of_symmetry, amethyst_zot_foddershock
Zot:2:    infiniplex_zot_generator, layout_gridlike
Zot:3:    layout_onion, hangedman_snake_sidewinding
Zot:4:    layout_misc_corridors
Zot:5:    layout_basic

Skill      XL: |  1  2  3  4  5  6  7  8  9 10 11 12 13 14 15 16 17 18 19 20 21 22 23 24 25 26 27 |
---------------+----------------------------------------------------------------------------------+-----
Dodging        | 2 4 5 12 13 14 15 17 | 17.4
Fighting       | 4 5 6 7 9 10 11 13 14 15 21 22 24 26 27 | 27.0
Shields        | 1 2 3 4 5 7 8 10 11 12 13 17 18 20 22 23 24 26 | 26.0
Armour         | 3 4 6 7 9 10 11 12 13 17 19 22 24 25 27 | 27.0
Axes           | 5 6 7 8 10 11 12 14 15 18 19 20 23 25 27 | 27.0
Evocations     | 1 3 5 6 8 12 16 | 16.0

Action                     |  1- 3 |  4- 6 |  7- 9 | 10-12 | 13-15 | 16-18 | 19-21 | 22-24 | 25-27 || total
---------------------------+-------+-------+-------+-------+-------+-------+-------+-------+-------++-------
  Melee: Hand axe          |    71 |       |       |       |       |       |       |       |       ||    71
         Whip              |    55 |    27 |       |       |       |       |       |       |       ||    82
         War axe           |       |    59 |   353 |   269 |       |       |       |       |       ||   681
         Broad axe         |       |       |       |   280 |  1019 |   988 |  1026 |   984 |  1049 ||  5346
         Demon trident     |       |       |       |    34 |       |       |       |       |       ||    34
  Throw: Dart              |       |     4 |       |     2 |     1 |       |       |       |       ||     7
         Throwing net      |       |       |       |     3 |       |       |       |       |       ||     3
 Invoke: Berserk           |       |     1 |     5 |     4 |     3 |     5 |     6 |    10 |    13 ||    47
         Trog's Hand       |       |       |     3 |     2 |     4 |       |     1 |       |     2 ||    12
         Brothers in Arms  |       |       |       |     2 |       |     1 |       |     1 |     4 ||     8
Ability: Evoke Invisibilit |       |       |       |       |     1 |       |       |       |       ||     1
         Evoke Blink       |       |       |       |       |       |     1 |     1 |     2 |       ||     4
  Evoke: Wand              |       |       |       |       |     5 |     5 |    21 |       |     9 ||    40
         Phantom mirror    |       |       |       |       |       |       |       |     1 |     3 ||     4
         Lightning rod     |       |       |       |       |       |       |       |       |     1 ||     1
    Use: Scroll            |       |     7 |     6 |     4 |    20 |     6 |     3 |     6 |    13 ||    65
         Potion            |       |       |     1 |       |     2 |       |     5 |     1 |    22 ||    31
   Stab: Invisible         |       |       |       |       |    11 |       |       |       |       ||    11
         Held in net/web   |       |       |       |       |       |       |     1 |       |       ||     1
         Distracted        |       |       |       |       |       |       |       |     1 |     2 ||     3
 Armour: Animal skin       |    11 |       |       |       |       |       |       |       |       ||    11
         Scale mail        |    33 |       |       |       |   195 |   123 |   246 |       |       ||   597
         Chain mail        |    13 |    29 |    62 |       |       |       |       |       |       ||   104
         Plate armour      |       |       |    89 |   206 |   176 |       |       |       |       ||   471
         Fire dragon scale |       |       |       |       |     1 |       |       |       |       ||     1
         Ring mail         |       |       |       |       |       |   156 |    10 |   245 |   243 ||   654
         Gold dragon scale |       |       |       |       |       |       |       |       |   270 ||   270
  Dodge: Dodged            |    48 |    20 |    70 |   147 |   357 |   315 |   283 |   384 |   544 ||  2168
  Block: Tower shield      |    49 |    50 |   275 |   504 |   919 |  1014 |  1411 |   990 |   774 ||  5986
         Reflection        |       |       |       |       |       |    58 |   119 |    94 |       ||   271
         Kite shield       |       |       |       |       |       |       |       |   285 |   545 ||   830
